 Dungeon Crawl Stone Soup version 0.24-a0-509-ga1643a6 (webtiles) character file.

Game seed: 13072181799049489237

404530 Spazmo the Pyromancer (level 22, -2/122 HPs)
             Began as a Deep Elf Fire Elementalist on July 18, 2019.
             Was the Champion of Vehumet.
             Slain by a spark wasp (5 damage)
             ... summoned by a boggart
             ... while paralysed by a sphinx
             ... on level 3 of the Depths on July 19, 2019.
             The game lasted 04:08:00 (46955 turns).

Spazmo the Pyromancer (Deep Elf Fire Elementalist) Turns: 46955, Time: 04:08:00

Health: -2/122     AC: 11    Str:  9    XL:     22   Next: 34%
Magic:  52/57      EV:  2    Int: 31    God:    Vehumet [******]
Gold:   1329       SH:  0    Dex: 15    Spells: 6/61 levels left

rFire    + . .     SeeInvis +   R - staff of conjuration
rCold    . . .     Gourm    .   X - +2 buckler {reflect}
rNeg     . . .     Faith    .   T - +2 robe {Archmagi}
rPois    .         Spirit   .   I - +2 hat
rElec    .         Reflect  +   K - scarf {repulsion}
rCorr    .         Harm     .   h - +0 pair of gloves "Ciossav" {Str+4 SInv}
MR       ++...                  (no boots)
Stlth    ++........             W - amulet of magic regeneration
HPRegen  0.30/turn              O - ring of magical power
MPRegen  0.60/turn              A - +5 ring of evasion

@: paralysed, repel missiles
A: horns 1, thin metallic scales 1, yellow scales 1, fire resistance 1
}: 2/15 runes: decaying, serpentine
a: Renounce Religion


You were on level 3 of the Depths.
You worshipped Vehumet.
Vehumet was exalted by your worship.
You were very hungry.

You visited 8 branches of the dungeon, and saw 39 of its levels.

You collected 3799 gold pieces.
You spent 2470 gold pieces at shops.

Inventory:

Hand Weapons
 e - the +3 dagger "Biwkaq" {holy, rN+++ Str-2 SInv}
   (You found it on level 7 of the Dungeon)

   It has been blessed by the Shining One to cause great damage to the undead
   and demons.
   It affects your strength (-2).
   It renders you almost immune to negative energy.
   It lets you see invisible.
Missiles
 f - 911 stones (quivered)
Armour
 h - the +0 pair of gloves "Ciossav" (worn) {Str+4 SInv}
   (You found it on level 3 of the Vaults)

   It affects your strength (+4).
   It lets you see invisible.
 y - a +1 cloak of poison resistance
 I - a +2 hat (worn)
 K - a scarf of repulsion (worn)
 Q - the +2 cloak of the Thief {+Fog Slay-2 SInv Stlth+}
   (You found it on level 3 of the Vaults)

   It affects your accuracy and damage with ranged weapons and melee attacks
   (-2).
   It lets you see invisible.
   It makes you more stealthy.
 T - a +2 robe of the Archmagi (worn)
 X - a +2 buckler of reflection (worn)
Magical Staves
 G - an uncursed staff of fire
 R - an uncursed staff of conjuration (weapon)
Jewellery
 a - an uncursed ring of magical power
 b - an uncursed ring of flight
 i - an uncursed ring of wizardry
 t - an uncursed ring of see invisible
 A - a +5 ring of evasion (right hand)
 B - the ring of Voifacul {rElec rN+ MR- Str+3 Int-2 Dex+5}
   (You found it on level 4 of the Lair of Beasts)

   [ring of positive energy]

   It affects your strength (+3).
   It affects your intelligence (-2).
   It affects your dexterity (+5).
   It insulates you from electricity.
   It protects you from negative energy.
   It affects your resistance to hostile enchantments.
 C - an uncursed ring of protection from fire
 F - an uncursed ring of protection from fire
 H - the ring of Checkmate {rCorr Int+7}
   (You found it on level 1 of the Lair of Beasts)

   [ring of resist corrosion]

   It affects your intelligence (+7).
   It provides partial protection from all sources of acid and corrosion.
 N - an uncursed ring of protection from magic
 O - a ring of magical power (left hand)
 S - an uncursed ring of positive energy
 U - a +4 amulet of reflection
 W - an amulet of magic regeneration (around neck)
Wands
 d - a wand of clouds (5)
 x - a wand of disintegration (56)
 L - a wand of iceblast (28)
Scrolls
 g - 6 scrolls of magic mapping
 l - 14 scrolls of teleportation
 m - 13 scrolls of remove curse
 n - 3 scrolls of blinking
 q - 7 scrolls of enchant armour
 z - a scroll of fog {unknown}
 D - 11 scrolls of identify
 M - 8 scrolls of amnesia
 V - 2 scrolls of summoning
Potions
 j - 4 potions of cancellation
 k - 16 potions of curing
 p - 6 potions of haste
 r - 4 potions of agility
 s - 7 potions of flight
 u - 9 potions of brilliance
 v - 4 potions of resistance
 w - 3 potions of heal wounds
 E - 2 potions of mutation
 J - a potion of berserk rage
Comestibles
 c - 34 rations


   Skills:
 - Level 8.0 Fighting
 - Level 17.0 Dodging
 - Level 2.4 Stealth
 - Level 4.1 Shields
 - Level 20.0 Spellcasting
 - Level 22.0 Conjurations
 - Level 5.0 Summonings
 + Level 6.5 Necromancy
 - Level 4.0 Translocations
 - Level 22.0 Fire Magic
 - Level 6.0 Air Magic
 - Level 12.0 Earth Magic


You had 6 spell levels left.
You knew the following spells:

 Your Spells              Type           Power        Failure   Level  Hunger
a - Flame Tongue          Conj/Fire      #####        0%          1    None
b - Throw Flame           Conj/Fire      ######       0%          2    None
c - Fire Storm            Conj/Fire      #########.   4%          9    ######.
d - Sticky Flame          Conj/Fire      ########     0%          4    None
e - Fireball              Conj/Fire      #########.   0%          5    None
f - Summon Lightning Spi  Summ/Air       #######.     1%          4    None
g - Ignition              Fire           ########..   1%          8    #####..
i - Regeneration          Chrm/Necr      ######....   1%          3    None
j - Bolt of Fire          Conj/Fire      #########.   0%          6    None
k - Bolt of Magma         Conj/Fire/Erth ########..   0%          5    None
l - Iron Shot             Conj/Erth      ########..   1%          6    None
m - Blink                 Tloc           N/A          1%          2    None

Your spell library contained the following spells:

 Spells                   Type           Power        Failure   Level  Hunger
 Lehudib's Crystal Spear  Conj/Erth      ########..   1%          8    #####..
 Chain Lightning          Conj/Air       ########..   7%          8    #####..
 Magic Dart               Conj           ####         0%          1    None
 Sandblast                Erth           ######       0%          1    None
 Searing Ray              Conj           ######       0%          2    None
 Conjure Flame            Conj/Fire      ########     0%          3    None
 Static Discharge         Conj/Air       ########     0%          3    None
 Stone Arrow              Conj/Erth      ######       0%          3    None
 Iskenderun's Mystic Bla  Conj           ########     0%          4    None
 Animate Skeleton         Necr           N/A          1%          1    None
 Apportation              Tloc           ######       1%          1    None
 Beastly Appendage        Tmut           #####.       1%          1    None
 Confusing Touch          Hex            #####.       1%          1    None
 Corona                   Hex            #####..      1%          1    None
 Pain                     Necr           ####         1%          1    None
 Summon Small Mammal      Summ           ####         1%          1    None
 Call Imp                 Summ           #######.     1%          2    None
 Corpse Rot               Necr           N/A          1%          2    None
 Ensorcelled Hibernation  Hex/Ice        #####.       1%          2    None
 Passwall                 Tmut/Erth      #######.     1%          2    None
 Shroud of Golubria       Chrm/Tloc      ######       1%          2    None
 Slow                     Hex            #####...     1%          2    None
 Sticks to Snakes         Tmut           #####...     1%          2    None
 Sublimation of Blood     Necr           #######...   1%          2    None
 Call Canine Familiar     Summ           #######.     1%          3    None
 Dazzling Spray           Conj/Hex       ######       1%          3    None
 Gell's Gravitas          Tloc           ######....   1%          3    None
 Ignite Poison            Fire/Tmut/Pois #######.     1%          3    None
 Inner Flame              Hex/Fire       #######.     1%          3    None
 Lesser Beckoning         Tloc           ######....   1%          3    None
 Mephitic Cloud           Conj/Pois/Air  ########     1%          3    None
 Summon Guardian Golem    Hex/Summ       ######..     1%          3    None
 Teleport Other           Tloc           ######..     1%          3    None
 Vampiric Draining        Necr           #######...   1%          3    None
 Airstrike                Air            #######...   1%          4    None
 Animate Dead             Necr           N/A          1%          4    None
 Force Lance              Conj/Tloc      ########     1%          4    None
 Fulminant Prism          Conj/Hex       ########..   1%          4    None
 Leda's Liquefaction      Hex/Erth       #######...   1%          4    None
 Petrify                  Tmut/Erth      #######.     1%          4    None
 Bolt of Draining         Conj/Necr      ########..   1%          5    None
 Iskenderun's Battlesphe  Conj/Chrm      ########     1%          5    None
 Lee's Rapid Deconstruct  Erth           ########..   1%          5    None
 Lightning Bolt           Conj/Air       ########..   1%          5    None
 Venom Bolt               Conj/Pois      ########..   1%          5    None
 Passage of Golubria      Tloc           N/A          2%          4    None
 Agony                    Necr           #######.     2%          5    None
 Dispel Undead            Necr           #######.     2%          5    None
 Confuse                  Hex            #####...     3%          3    None
 Spider Form              Tmut/Pois      #####.....   3%          3    None
 Tukima's Dance           Hex            #####...     3%          3    None
 Summon Ice Beast         Ice/Summ       ######..     4%          4    None
 Summon Forest            Summ/Tloc      ######....   4%          5    None
 Excruciating Wounds      Chrm/Necr      ######....   9%          5    None
 Yara's Violent Unravell  Hex/Tmut       #####.....   9%          5    None
 Ice Form                 Ice/Tmut       #####...     12%         4    None
 Statue Form              Tmut/Erth      #######..    16%         6    None
 Alistair's Intoxication  Tmut/Pois      #####...     32%         5    None
 Blade Hands              Tmut           #####.....   32%         5    None
 Hydra Form               Tmut           #####.....   87%         6    None
 Orb of Destruction       Conj           #########.   1%          7    ###....
 Spellforged Servitor     Conj/Summ      ########..   1%          7    ###....
 Ring of Flames           Chrm/Fire      #######...   11%         7    ###....
 Summon Hydra             Summ           #######...   77%         7    ###....
 Shatter                  Erth           ########..   88%         9    ######.
 Dragon Form              Tmut           #####.....   100%        7    ###....
 Tornado                  Air            #######...   100%        9    ######.


Dungeon Overview and Level Annotations

Branches:
Dungeon (15/15)            Temple (1/1) D:7            Lair (6/6) D:9
  Swamp (4/4) Lair:3        Snake (4/4) Lair:4        Slime (0/5) Lair:5
    Orc (2/2) D:11            Elf (0/3) Orc:2        Vaults (4/5) D:13
  Crypt (0/3) Vaults:3     Depths (3/5) D:15

Altars:
Ashenzari
Cheibriados
Dithmenos
Elyvilon
Fedhas
Gozag
Hepliaklqana
Kikubaaqudgha
Makhleb
Nemelex Xobeh
Okawaru
Qazlal
Ru
Sif Muna
Trog
Uskayaw
Vehumet
Wu Jian
Xom
Yredelemnul
Zin
The Shining One
Beogh
Lugonu

Shops:
D:9 (   D:11 :   Orc:2 [(*=   Snake:3 *:   Snake:4 %   Vaults:2 *
Vaults:3 !:(

Portals:
Hell: Depths:1 Depths:2

Annotations:
D:3 3 runed translucent doors, Caerwyn's ghost, weakling VSFi; MatthieuS's ghost, amateur HOFi
D:7 Harold
D:9 2 transporters, SteelSquire's ghost, novice DsFi
Lair:2 1 runed translucent door, Zymi's ghost, journeyman DECj
Swamp:4 1 runed translucent door, benob's ghost, journeyman HOMo
Vaults:2 3 runed translucent doors, mystoof's ghost, adept GnWn


Innate Abilities, Weirdness & Mutations

You have a pair of small horns on your head.
You are partially covered in thin metallic scales. (AC +2)
You are partially covered in yellow scales. (AC +2)
Your flesh is heat resistant. (rF+)


Message History

You easily resist.
The glowing orange brain turns its attention towards you.
A boggart comes into view.
The spark wasp bursts into living lightning!
The living lightning hits the boggart!
The living lightning hits you!!
The spark wasp blinks!
The glowing orange brain blinks!
The boggart hits you but does no damage.
The boggart casts a spell.
The boggart flickers and vanishes for a moment.
The spark wasp stings you! The spark wasp shocks you!
The yaktaur wields a +0 arbalest.
The yaktaur shoots a bolt.
The bolt hits you!
The bolt dissolves into shadows!
A stone giant comes into view.
The stone giant shouts!
The spark wasp stings you!!
* * * LOW HITPOINT WARNING * * *
The spark wasp shocks you!
* * * LOW HITPOINT WARNING * * *
The spark wasp stings you.
You die... ....C ..... ...C. )))P #############gc### PPPPPPPPP...((..PPP

...........g).)....
...).....H.@.###
####.....yy.......
##........######
#.#.....#.#
##....T####
#......# ###.....#
#......## #......#


You could see a sphinx, 2 stone giants, 2 spark wasps, a deep troll, a yaktaur
and 2 boggarts.

Vanquished Creatures
  Boris (twice) (Vaults:3 Vaults:4)
  Bai Suzhen (Swamp:3)
  Margery (Vaults:3)
  Frederick (Vaults:1)
  the Enchantress (Depths:2)
  3 liches
  Rupert (Vaults:1)
  The ghost of Busi the Markscentaur, an adept CeHu of Okawaru (Vaults:3)
  A titan (Depths:2)
  3 sphinxes
  Kirke (Swamp:3)
  A thorn hunter (Swamp:3)
  Donald (Swamp:3)
  3 storm dragons
  A revenant (Vaults:3)
  Roxanne (Snake:1)
  4 fire giants
  11 nagarajas
  A draconian knight (Vaults:1)
  3 frost giants (Depths:2)
  12 vault wardens
  An orc warlord (Orc:2)
  Louise (Swamp:1)
  3 deep elf sorcerers
  Aizul (Depths:2)
  5 very ugly things
  14 ironheart preservers
  9 stone giants
  3 spriggan defenders (Depths:2)
  A vampire knight (Depths:1)
  2 deep elf annihilators
  3 spark wasps (Depths:1)
  Azrael (Snake:1)
  7 ettins
  A deep elf death mage (Vaults:4)
  2 eidola (Vaults:3)
  2 crystal guardians (Vaults:4)
  3 jiangshi (Depths:1)
  5 yaktaur captains
  6 fire dragons
  19 naga warriors
  4 ice dragons
  24 hydras
  4 great orbs of eyes
  16 vault guards
  4 death knights
  3 ghost crabs
  4 spriggan air magi
  A shambling mangrove (Swamp:2)
  11 centaur warriors
  51 two-headed ogres
  A rakshasa (Vaults:1)
  3 tengu warriors
  An anaconda (shapeshifter) (Depths:2)
  6 alligators
  4 deep troll shamans
  10 anacondas
  16 ogre magi
  3 death yaks (Depths:2)
  A spriggan berserker (Depths:3)
  2 deep troll earth magi
  2 vampire magi
  Urug (Orc:2)
  13 naga sharpshooters
  3 orc high priests
  3 shock serpents
  7 hell knights
  3 deep elf knights
  4 iron trolls
  5 skeletal warriors
  3 shadow wraiths
  9 wizards
  6 flayed ghosts
  5 unseen horrors
  6 glowing orange brains
  19 deep trolls
  6 spriggan druids
  5 swamp dragons
  A deep troll (shapeshifter) (Depths:1)
  12 naga ritualists
  15 ironbrand convokers
  Pikel (D:9)
  A harpy (shapeshifter) (D:15)
  5 phantasmal warriors
  A mana viper (shapeshifter) (Depths:1)
  13 harpies
  4 necromancers
  13 deep elf magi
  6 mana vipers
  5 orc sorcerers
  14 orc knights
  4 deep elf archers
  5 wolf spiders
  A stone giant zombie (Vaults:4)
  5 salamanders
  35 ugly things
  13 cyclopes
  A manticore (shapeshifter) (Depths:2)
  A tengu skeleton (Vaults:4)
  An oklob plant (Snake:2)
  2 manticores (D:15)
  16 vault sentinels
  A cyclops (shapeshifter) (Depths:2)
  A black mamba (shapeshifter) (Vaults:4)
  A guardian serpent (shapeshifter) (Vaults:4)
  5 guardian serpents
  31 black mambas
  2 centaur zombies
  A gargoyle (D:11)
  28 naga magi
  A storm dragon simulacrum (Vaults:3)
  16 spiny frogs
  A rime drake (shapeshifter) (Vaults:1)
  A komodo dragon (Lair:5)
  A kobold demonologist (D:14)
  12 freezing wraiths
  A komodo dragon (shapeshifter) (Vaults:4)
  4 rime drakes
  4 tengu conjurers
  58 yaktaurs
  2 trolls (shapeshifter)
  A tengu simulacrum (Vaults:4)
  5 trolls
  A polar bear (Lair:1)
  3 meliai (shapeshifter)
  8 hornets
  5 tyrant leeches
  4 dream sheep
  A bog body (Swamp:4)
  7 blink frogs
  A stone giant simulacrum (Vaults:4)
  44 slime creatures
  4 hippogriffs
  A flying skull (Vaults:3)
  A vampire (D:9)
  12 spriggans
  A human (Swamp:3)
  5 shadows
  2 wyverns
  5 wraiths
  17 yaks
  A hog (shapeshifter) (Vaults:1)
  A basilisk (D:14)
  A golden eye (shapeshifter) (Vaults:1)
  A yak (shapeshifter) (Vaults:3)
  3 hogs (Swamp:3)
  Grum (D:8)
  4 fire elementals (Snake:1)
  2 hungry ghosts
  18 vampire mosquitoes
  A warg (Vaults:1)
  39 nagas
  13 insubstantial wisps
  An acid dragon (shapeshifter) (Depths:1)
  2 acid dragons (Vaults:1)
  3 water moccasins
  7 swamp worms
  A hell hound (Snake:1)
  4 porcupines
  9 swamp drakes
  4 sky beasts
  30 orc warriors
  8 ice beasts (Lair:3)
  A black bear (shapeshifter) (Vaults:4)
  4 black bears
  A necrophage (D:14)
  An eye of draining (shapeshifter) (Vaults:1)
  8 boggarts
  29 ogres
  10 wolves
  2 crocodiles
  28 centaurs
  A big kobold (D:13)
  16 bullfrogs
  A scorpion (D:4)
  12 killer bees
  An elf simulacrum (Vaults:3)
  3 wights (D:13)
  5 electric eels
  A howler monkey (D:4)
  4 crimson imps
  A bullfrog zombie (D:11)
  2 lava snakes (Snake:1)
  2 quasits
  9 hounds
  2 human simulacra (Vaults:1)
  10 centaur skeletons
  14 orc priests
  4 jellies
  26 orc wizards
  3 bullfrog skeletons
  3 iguanas
  10 worker ants
  2 hound zombies (D:7)
  A hound skeleton (D:5)
  11 adders
  A shadow imp (D:5)
  3 oozes
  An adder skeleton (D:4)
  A worm (D:2)
  7 leopard geckos
  82 orcs
  2 ball pythons
  5 bats
  6 giant cockroaches
  14 goblins
  7 hobgoblins
  16 jackals
  4 quokkas
  2 frilled lizards
  A jackal skeleton (D:4)
  9 kobolds
  A leopard gecko skeleton (D:6)
  A quokka skeleton (D:4)
  7 rats
  A bush (Depths:3)
  3 crawling corpses (Vaults:4)
  A plant (Snake:2)
1443 creatures vanquished.

Vanquished Creatures (collateral kills)
  Xtahua (Vaults:2)
  An ancient champion (Vaults:1)
  2 ettins
  A great orb of eyes (Vaults:4)
  An ogre mage (Vaults:1)
  A yaktaur captain (Vaults:1)
  A naga warrior (Snake:3)
  4 hydras
  A vault guard (D:13)
  3 centaur warriors
  3 two-headed ogres
  3 alligators
  A tengu warrior (D:15)
  A death knight (D:14)
  A skeletal warrior (Vaults:2)
  A deep elf knight (Vaults:3)
  An iron troll (Depths:2)
  A deep troll (Vaults:4)
  A flayed ghost (D:15)
  3 swamp dragons (Swamp:4)
  A wizard (Vaults:1)
  2 ironbrand convokers
  3 orc knights
  3 mana vipers
  An orc sorcerer (Orc:2)
  2 cyclopes (D:13)
  4 ugly things
  A naga mage (Snake:1)
  A torpor snail (Lair:5)
  5 black mambas
  3 elephants (Lair:4)
  A guardian serpent (Snake:2)
  15 spiny frogs
  A yaktaur (D:13)
  3 komodo dragons
  A harpy zombie (D:15)
  A tengu conjurer (D:13)
  A troll (D:15)
  7 tyrant leeches
  2 bog bodies (Swamp:3)
  A slime creature (Vaults:1)
  3 dream sheep
  3 hippogriffs
  9 blink frogs
  A shadow (Swamp:1)
  A wraith (D:11)
  A wyvern (Lair:6)
  9 yaks
  5 vampire mosquitoes
  A hungry ghost (D:13)
  2 basilisks
  A steam dragon (Lair:2)
  9 swamp worms
  5 nagas
  6 water moccasins
  A hell hound (Snake:1)
  A porcupine (Lair:3)
  A black bear (Lair:1)
  An eye of draining (D:15)
  5 orc warriors (Orc:2)
  5 ogres
  A swamp drake (Swamp:4)
  2 boggarts
  2 crocodiles
  9 wolves
  5 bullfrogs (Lair:6)
  A crimson imp (D:11)
  2 orc priests (Orc:2)
  3 orc wizards
  3 orcs
  A ball python (Snake:1)
  2 bushes (Depths:3)
  A fungus (Lair:6)
193 creatures vanquished.

Vanquished Creatures (others)
  3 anacondas (Snake:1)
  A mana viper (Snake:1)
  2 black mambas (Snake:1)
  A human (Swamp:3)
  A slave (D:9)
  An orc (D:9)
  A bush (D:15)
  100 fire vortices
  14 fungi
  26 plants (Lair:6)
  2 withered plants (D:3)
152 creatures vanquished.

Grand Total: 1788 creatures vanquished

Notes
Turn   | Place    | Note
-------+----------+-------------------------------------------
     0 | D:1      | Spazmo the Deep Elf Fire Elementalist began the quest for
                  | the Orb.
     0 | D:1      | Reached XP level 1. HP: 10/10 MP: 6/6
    33 | D:1      | You fall into a shaft and drop 1 floor!
    64 | D:2      | Found a blossoming altar of Fedhas.
   181 | D:2      | Reached XP level 2. HP: 15/15 MP: 4/8
   185 | D:2      | Learned a level 2 spell: Throw Flame
   338 | D:2      | Reached XP level 3. HP: 19/19 MP: 3/10
   343 | D:2      | Learned a level 3 spell: Conjure Flame
  1353 | D:2      | Reached XP level 4. HP: 24/24 MP: 8/12
  1359 | D:2      | Learned a level 4 spell: Sticky Flame
  1439 | D:2      | Found an ancient bone altar of Kikubaaqudgha.
  1886 | D:3      | Found a stormy altar of Qazlal.
  1930 | D:3      | Found a runed translucent gate.
  1930 | D:3      | Found a runed translucent gate.
  1930 | D:3      | Found a runed translucent gate.
  1930 | D:3      | Noticed MatthieuS's ghost (amateur HOFi)
  1931 | D:3      | Noticed Caerwyn's ghost (weakling VSFi)
  2328 | D:4      | Noticed an ogre
  2335 | D:4      | Killed an ogre
  2335 | D:4      | Reached skill level 5 in Spellcasting
  2335 | D:4      | Reached XP level 5. HP: 19/28 MP: 1/14
  2576 | D:4      | Reached skill level 5 in Fire Magic
  2576 | D:4      | Reached XP level 6. HP: 15/32 MP: 7/16
  2583 | D:4      | Learned a level 5 spell: Fireball
  2666 | D:4      | Found a white marble altar of Elyvilon.
  3144 | D:4      | Reached XP level 7. HP: 27/36 MP: 4/18
  3647 | D:5      | Entered Level 5 of the Dungeon
  3704 | D:5      | Found an ornate altar of the Wu Jian Council.
  3717 | D:5      | Reached skill level 5 in Conjurations
  4647 | D:6      | Found an opulent altar of Gozag.
  4783 | D:6      | Reached XP level 8. HP: 30/41 MP: 13/21
  4959 | D:6      | Found a burning altar of Makhleb.
  5082 | D:7      | Got a fine dagger
  5294 | D:7      | Found a staircase to the Ecumenical Temple.
  5301 | Temple   | Entered the Ecumenical Temple
  5874 | D:7      | Found a snail-covered altar of Cheibriados.
  5874 | D:7      | Noticed Harold
  5951 | D:7      | Identified a scroll of acquirement
  6127 | D:8      | Noticed a two-headed ogre
  6140 | D:8      | Killed a two-headed ogre
  6140 | D:8      | Reached XP level 9. HP: 36/45 MP: 10/24
  6178 | D:8      | Noticed a troll
  6227 | D:8      | Killed a troll
  6227 | D:8      | Reached skill level 10 in Spellcasting
  6391 | D:8      | Identified the cursed +3 dagger "Biwkaq" {holy, rN+++ Str-2
                  | SInv} (You found it on level 7 of the Dungeon)
  6547 | D:8      | Noticed Grum
  6556 | D:8      | Killed Grum
  7043 | D:9      | Noticed Pikel
  7054 | D:9      | Killed Pikel
  7054 | D:9      | Reached XP level 10. HP: 34/50 MP: 18/27
  7115 | D:9      | Found a staircase to the Lair.
  7515 | D:9      | Found a sparkling altar of Nemelex Xobeh.
  7523 | D:9      | Reached skill level 10 in Fire Magic
  7672 | D:9      | Found Zykhlobb's Antique Weapon Emporium.
  7836 | D:9      | Found a transporter.
  7840 | D:9      | Noticed a moth of wrath
  7841 | D:9      | Found a bloodstained altar of Trog.
  7850 | D:9      | Identified the +9 morningstar "Xoice" {flame, Str+5}
  7850 | D:9      | Noticed a tengu warrior
  7851 | D:9      | Noticed a two-headed ogre
  7851 | D:9      | Noticed SteelSquire's ghost (novice DsFi)
  7872 | D:9      | Found a transporter.
  7947 | D:9      | Found a hide-covered altar of Uskayaw.
  7947 | D:9      | Found a sacrificial altar of Ru.
  8050 | D:9      | Found a faded altar of an unknown god.
  8052 | D:9      | Found a radiant altar of Vehumet.
  8053 | D:9      | Found a faded altar of an unknown god.
  8058 | D:9      | Became a worshipper of Vehumet
  8141 | D:10     | Entered Level 10 of the Dungeon
  8217 | D:10     | Reached skill level 10 in Conjurations
  8448 | D:10     | Noticed a two-headed ogre
  8463 | D:10     | Killed a two-headed ogre
  8581 | D:10     | Learned a level 4 spell: Summon Lightning Spire
  8755 | D:10     | Reached skill level 1 in Summonings
  8760 | D:10     | Reached skill level 1 in Air Magic
  9023 | Lair:1   | Entered Level 1 of the Lair of Beasts
  9081 | Lair:1   | Noticed a spiny frog
  9085 | Lair:1   | Killed a spiny frog
  9085 | Lair:1   | Reached XP level 11. HP: 54/54 MP: 20/29
  9094 | Lair:1   | Lost strength.
  9277 | Lair:1   | Got a shimmering glass ring
  9278 | Lair:1   | Identified the ring of Checkmate {rCorr Int+7} (You found
                  | it on level 1 of the Lair of Beasts)
  9294 | Lair:1   | Reached * piety under Vehumet
  9294 | Lair:1   | Offered knowledge of Sandblast by Vehumet.
  9708 | Lair:1   | Reached skill level 5 in Summonings
  9841 | Lair:2   | Reached skill level 5 in Air Magic
  9851 | Lair:2   | Reached skill level 1 in Fighting
 10144 | Lair:2   | Gained mutation: You have a pair of small horns on your
                  | head. [potion of mutation]
 10144 | Lair:2   | Gained mutation: You are partially covered in thin metallic
                  | scales. (AC +2) [potion of mutation]
 10144 | Lair:2   | Gained mutation: You are partially covered in yellow
                  | scales. (AC +2) [potion of mutation]
 10144 | Lair:2   | Gained mutation: Your flesh is heat resistant. (rF+)
                  | [potion of mutation]
 10344 | Lair:2   | Learned a level 1 spell: Sandblast
 10347 | Lair:2   | Noticed Zymi's ghost (journeyman DECj)
 10349 | Lair:2   | Found a runed translucent door.
 10471 | Lair:2   | Reached skill level 1 in Earth Magic
 10689 | Lair:2   | Noticed a six-headed hydra
 10695 | Lair:2   | Killed a six-headed hydra
 10706 | Lair:2   | Learned a level 3 spell: Stone Arrow
 10965 | Lair:3   | Reached skill level 5 in Dodging
 11371 | Lair:3   | Offered knowledge of Shock by Vehumet.
 11382 | Lair:3   | Reached ** piety under Vehumet
 11508 | Lair:3   | Found a frozen archway.
 11747 | Lair:3   | Found a staircase to the Swamp.
 11888 | Lair:3   | Found a shadowy altar of Dithmenos.
 12052 | Lair:4   | Found a staircase to the Snake Pit.
 12062 | Lair:4   | Reached skill level 1 in Shields
 12247 | Lair:4   | Reached XP level 12. HP: 59/66 MP: 15/30
 12419 | Lair:4   | Offered knowledge of Throw Frost by Vehumet.
 12462 | Lair:4   | Got a sparkling platinum ring
 12463 | Lair:4   | Identified the ring of Voifacul {rElec rN+ MR- Str+3 Int-2
                  | Dex+5} (You found it on level 4 of the Lair of Beasts)
 12656 | Lair:4   | Reached *** piety under Vehumet
 12661 | Lair:4   | Reached skill level 5 in Earth Magic
 12780 | Lair:4   | Noticed a six-headed hydra
 12785 | Lair:4   | Killed a six-headed hydra
 13780 | Lair:5   | Found a staircase to the Slime Pits.
 13787 | Lair:5   | Offered knowledge of Mephitic Cloud by Vehumet.
 13959 | Lair:5   | Reached skill level 5 in Fighting
 14158 | Lair:6   | Entered Level 6 of the Lair of Beasts
 14575 | Lair:6   | Reached **** piety under Vehumet
 14576 | Lair:6   | Noticed a seven-headed hydra
 14580 | Lair:6   | Killed a seven-headed hydra
 14602 | Lair:6   | Noticed a six-headed hydra
 14607 | Lair:6   | Killed a six-headed hydra
 14837 | Lair:6   | Offered knowledge of Iskenderun's Battlesphere by Vehumet.
 15282 | Lair:6   | Reached XP level 13. HP: 74/74 MP: 21/31
 16498 | D:11     | Reached skill level 10 in Dodging
 16707 | D:11     | Reached ***** piety under Vehumet
 16707 | D:11     | Offered knowledge of Irradiate by Vehumet.
 16758 | D:11     | Found a staircase to the Orcish Mines.
 16916 | D:11     | Learned a level 3 spell: Regeneration
 17099 | D:11     | Found Baeprekko's Book Boutique.
 17184 | D:11     | Bought a book of Fire for 975 gold pieces
 17191 | D:11     | Learned a level 6 spell: Bolt of Fire
 17748 | Orc:1    | Entered Level 1 of the Orcish Mines
 18133 | Orc:2    | Entered Level 2 of the Orcish Mines
 18259 | Orc:2    | Found a staircase to the Elven Halls.
 18656 | Orc:2    | Noticed Urug
 18662 | Orc:2    | Killed Urug
 18819 | Orc:2    | Noticed an orc warlord
 18831 | Orc:2    | Killed an orc warlord
 18976 | Orc:2    | Found a roughly hewn altar of Beogh.
 19102 | Orc:2    | Found Loost's Jewellery Shop.
 19113 | Orc:2    | Found Ifepamov's General Store.
 19185 | Orc:2    | Found Iciawaob's Antique Weapon Shop.
 19271 | Orc:2    | Reached skill level 15 in Spellcasting
 19324 | Orc:2    | Found a roughly hewn altar of Beogh.
 19456 | Orc:2    | Found Bunoetua's Antique Armour Shop.
 19785 | Orc:2    | Bought an uncursed ring of magical power for 220 gold
                  | pieces
 20651 | D:13     | Offered knowledge of Yara's Violent Unravelling by Vehumet.
 21106 | D:13     | Reached XP level 14. HP: 82/82 MP: 35/35
 21198 | D:13     | Found a gate to the Vaults.
 22380 | Swamp:1  | Entered Level 1 of the Swamp
 22633 | Snake:1  | Entered Level 1 of the Snake Pit
 22749 | Snake:1  | Noticed Azrael
 23252 | D:14     | Identified the Grimoire of Transformation
 23535 | D:11     | Bought a book of the Earth for 975 gold pieces
 23542 | D:11     | Learned a level 5 spell: Bolt of Magma
 23549 | D:11     | Learned a level 6 spell: Iron Shot
 24014 | D:15     | Entered Level 15 of the Dungeon
 24062 | D:15     | Offered knowledge of Conjure Ball Lightning by Vehumet.
 24836 | D:15     | Reached XP level 15. HP: 71/86 MP: 22/36
 24927 | D:15     | Found a staircase to the Depths.
 25153 | D:15     | Found a glowing silver altar of Zin.
 25777 | Swamp:1  | Offered knowledge of Venom Bolt by Vehumet.
 25962 | Swamp:1  | Noticed Louise
 25966 | Swamp:1  | Killed Louise
 26959 | Swamp:2  | Reached skill level 15 in Fire Magic
 27444 | Swamp:3  | Noticed Donald
 27450 | Swamp:3  | Killed Donald
 27459 | Swamp:3  | Reached skill level 15 in Conjurations
 27765 | Swamp:3  | Noticed a thorn hunter
 27772 | Swamp:3  | Killed a thorn hunter
 27884 | Swamp:3  | Noticed Kirke
 27887 | Swamp:3  | Killed Kirke
 28095 | Swamp:3  | Noticed Bai Suzhen
 28101 | Swamp:3  | Killed Bai Suzhen
 29008 | Snake:1  | Identified Roxanne's Papyrus of Changing
 29008 | Snake:1  | Noticed Roxanne
 29015 | Snake:1  | Killed Roxanne
 29174 | Snake:1  | Reached XP level 16. HP: 72/92 MP: 15/37
 29425 | Snake:1  | Identified the Handbook of Poisoning and the Birds
 29656 | Snake:1  | Killed Azrael
 29807 | Snake:2  | Reached ****** piety under Vehumet
 29807 | Snake:2  | Offered knowledge of Orb of Destruction by Vehumet.
 30299 | Snake:2  | Found a shadowy altar of Dithmenos.
 31407 | Snake:3  | Found Xoschegatz's Book Emporium.
 31411 | Snake:3  | Found Ugoely's General Store.
 31413 | Snake:3  | Bought a book of Minor Magic for 300 gold pieces
 31416 | Snake:3  | Learned a level 2 spell: Blink
 31450 | Snake:3  | Reached skill level 1 in Translocations
 32611 | Swamp:4  | Entered Level 4 of the Swamp
 32611 | Swamp:4  | Found a runed translucent door.
 32763 | Swamp:4  | Noticed benob's ghost (journeyman HOMo)
 33621 | Swamp:4  | Got a decaying rune of Zot
 33868 | Swamp:4  | Reached XP level 17. HP: 96/96 MP: 38/38
 34008 | Swamp:4  | Offered knowledge of Bolt of Cold by Vehumet.
 34288 | Snake:4  | Entered Level 4 of the Snake Pit
 36053 | Snake:4  | Offered knowledge of Freezing Cloud by Vehumet.
 36605 | Snake:4  | Got a serpentine rune of Zot
 36682 | Snake:4  | Found Omnaevac's Food Shop.
 37373 | Vaults:1 | Entered Level 1 of the Vaults
 37560 | Vaults:1 | Reached XP level 18. HP: 101/101 MP: 39/39
 38517 | Vaults:1 | Offered knowledge of Lehudib's Crystal Spear by Vehumet.
 38517 | Vaults:1 | Offered knowledge of Fire Storm by Vehumet.
 38517 | Vaults:1 | Offered knowledge of Chain Lightning by Vehumet.
 38975 | Vaults:1 | Noticed Frederick
 38975 | Vaults:1 | Noticed Rupert
 38981 | Vaults:1 | Killed Frederick
 38981 | Vaults:1 | Killed Rupert
 39625 | Vaults:1 | Learned a level 9 spell: Fire Storm
 39988 | Vaults:2 | Found a runed translucent gate.
 39988 | Vaults:2 | Found a runed translucent gate.
 39988 | Vaults:2 | Found a runed translucent gate.
 39988 | Vaults:2 | Identified the +9 scimitar "Soshugec" {venom, Str+3 Dex+3}
 39988 | Vaults:2 | Identified the cursed +0 shield of the Modern Continents
                  | {*Contam rPois Str-5 Dex+9}
 39989 | Vaults:2 | Noticed mystoof's ghost (adept GnWn)
 39996 | Vaults:2 | Found a roughly hewn altar of Beogh.
 40238 | Vaults:2 | Noticed Xtahua
 40242 | Vaults:2 | Killed Xtahua
 40325 | Vaults:2 | Found Heojist's General Store.
 40472 | Vaults:2 | Reached XP level 19. HP: 105/105 MP: 21/43
 41671 | Vaults:3 | Noticed Margery
 41862 | Vaults:3 | Found Waohososch's Book Emporium.
 42141 | Vaults:3 | Noticed Boris
 42158 | Vaults:3 | Killed Boris
 42203 | Vaults:3 | Found Cixtuv's Distillery.
 42525 | Vaults:3 | Reached XP level 20. HP: 112/112 MP: 44/44
 42633 | Vaults:3 | Found a runed translucent gate.
 42633 | Vaults:3 | Found a runed translucent gate.
 42680 | Vaults:3 | Found a runed translucent gate.
 42681 | Vaults:3 | Noticed Busi's ghost (adept CeHu)
 42687 | Vaults:3 | Found the +2 cloak of the Thief {+Fog Slay-2 SInv Stlth+}
 42728 | Vaults:3 | Found a staircase to the Crypt.
 42741 | Vaults:3 | Found Vazasysm's Antique Weapon Shoppe.
 42773 | Vaults:3 | Killed Margery
 43227 | Vaults:3 | Learned a level 8 spell: Ignition
 43287 | Vaults:3 | Killed Busi's ghost
 43297 | Vaults:3 | Got a pair of steaming gloves
 43298 | Vaults:3 | Identified the cursed +0 pair of gloves "Ciossav" {Str+4
                  | SInv} (You found it on level 3 of the Vaults)
 43528 | Vaults:4 | Identified the +10 mace "Qifyh" {venom, rC+ rN+ Dex+2}
 44262 | Vaults:4 | Reached XP level 21. HP: 117/117 MP: 47/47
 44543 | Vaults:4 | Noticed Boris
 44554 | Vaults:4 | Killed Boris
 44617 | Vaults:4 | Upgraded the game from 0.24-a0-507-g3e8b2426 to
                  | 0.24-a0-509-ga1643a6
 44823 | Depths:1 | Entered Level 1 of the Depths
 45010 | Depths:1 | Reached skill level 15 in Dodging
 45139 | Depths:1 | Found a corrupted altar of Lugonu.
 45141 | Depths:1 | Identified Lugonu's Handbook of Confrontation
 45525 | Depths:1 | Identified the cursed +0 pearl dragon scales of Siusti {rF+
                  | rN+ Str+2 Dex+4}
 45665 | Depths:1 | Found a gateway to Hell.
 46082 | Depths:2 | Noticed Aizul
 46090 | Depths:2 | Killed Aizul
 46404 | Depths:2 | Reached skill level 10 in Earth Magic
 46454 | Depths:2 | Reached XP level 22. HP: 96/122 MP: 42/48
 46459 | Depths:2 | Identified the +3 faerie dragon scales {rF- rC+ rCorr Dex+3
                  | Clar}
 46459 | Depths:2 | Noticed the Enchantress
 46460 | Depths:2 | Killed the Enchantress
 46523 | Depths:2 | Reached skill level 1 in Necromancy
 46541 | Depths:2 | Got a slimy mace
 46542 | Depths:2 | Identified the +12 mace "Xueg" {crush, -Tele rElec rN+++
                  | Int+3} (You found it on level 2 of the Depths)
 46884 | Depths:3 | Reached skill level 5 in Necromancy
 46950 | Depths:3 | Paralysed by a sphinx for 6 turns
 46955 | Depths:3 | HP: 3/122 [spark wasp[a boggart] (16)]
 46955 | Depths:3 | Slain by a spark wasp

Levels and vault maps discovered:
D:1:      elethiomel_arrival_quiet, layout_loops_corners
D:2:      layout_loops_corners, lemuel_doored_altar, minmay_misc_feat_hallway,
          fedhas_altar_1
D:3:      layout_rooms, overflow_temple_1_default, first_ration,
          gammafunk_ghost_cemetery
D:4:      minmay_chambers_of_threes, layout_basic, elyvilon_altar_5,
          corexii_checkpoint_a, skrybe_limestone_x, chequers_jeans
D:5:      layout_loops_cross, old_standard_altar, st_stairs_3
D:6:      layout_basic, demons_altar, grunt_gozag_breadcrumbs
D:7:      layout_loops_ring, nicolae_overflow_hidden_temple,
          minmay_temple_entry_overgrown, grunt_ogre_cave, uniq_harold
D:8:      layout_loops_ring, chequers_mini_garden, serial_bayou_ford_a,
          uniq_grum
D:9:      layout_irregular_city, lemuel_round_altar,
          chequers_temple_overflow_minitemple, lair_entry_dummy, serial_shops,
          shop, gammafunk_ghost_wrathful_warriors, uniq_pikel
D:10:     layout_roguey
D:11:     minmay_shrinking_squares, layout_long_grid, erik_orc_3, serial_shops,
          shop_fountains
D:12:     layout_loops_ring
D:13:     layout_grid_maze, lightli_vaults_fourway_checkpoint
D:14:     layout_cave_pods, minmay_misc_feat_pillars
D:15:     grunt_enter_depths_magical_seal, layout_basic, serial_park_gazebo
          [serial_park_minivault_5x5_1]
Temple:   eino_temple_lava
Lair:1:   layout_misc_corridors, gammafunk_lair_bear_cave
Lair:2:   layout_small_grid, hellmonk_ghost_happy_afterlife, fungi_pond_lemuel,
          minivault_19
Lair:3:   layout_loops_ring, minmay_swamp_entry_worms,
          portal_ice_cave_entry_ice_beasts, st_stairs_13, lemuel_centaur_altar
Lair:4:   layout_gridlike, minmay_snake_entry_spellcaster, serial_bayou_pond_d,
          grunt_megastairs_2
Lair:5:   layout_layer_cave, minmay_slime_entry_pillars
Lair:6:   minmay_lair_end_frog_pond, layout_regular_city
Swamp:1:  layout_basic_swamp, evilmike_swamp_ruin_house_3, uniq_louise
Swamp:2:  layout_falls_marsh, nicolae_swamp_rocky_clearing, swamp_pool5
Swamp:3:  layout_basic_swamp, evilmike_swamp_ruin_house_1, uniq_bai_suzhen,
          uniq_donald, uniq_kirke
Swamp:4:  swamp_alternative, layout_basic_swamp, gammafunk_ghost_grave
Snake:1:  layout_basic, drop_trap, nicolae_snake_lava_pool, lemuel_fruit_tree,
          uniq_azrael, uniq_roxanne
Snake:2:  layout_gridlike, serial_bayou_pond_d, lemuel_oklob_altar
Snake:3:  layout_layer_cave, chequers_hall_statues_wall_a, minmay_shoptagon
Snake:4:  snake_pit, layout_gridlike, abandoned_shop, minmay_shop_star
Orc:1:    layout_diamond_mine
Orc:2:    grunt_orc_cross, layout_caves, basic_altar
Vaults:1: grunt_vaults_bifocal, v_misc_32, nicolae_vaults_little_ls,
          sword_in_stone, v_misc_29, vaults_mumra_lcd, vaults_mumra_hex,
          layout_vaults_omnigrid
Vaults:2: biasface_vaults_ghost_orc_armoury, v_rooms_2,
          nicolae_vaults_lopsided_apartments, ontoclasm_vaults_shuriken,
          v_rooms_1, ontoclasm_vaults_ring_square, nicolae_vaults_network_star,
          v_pattern_3, vaults_room_grid, hangedman_vaults_capsules,
          nicolae_vaults_theta, layout_vaults_ring, serial_shops, shop,
          uniq_xtahua
Vaults:3: gammafunk_vaults_ghost_spectres, minmay_crypt_entry_simple_box,
          vaults_standard_mumra_lines, grunt_vaults_hallway_short,
          hangedman_vaults_hat, nicolae_vaults_ring_of_whatevers,
          nicolae_vaults_triangles, nicolae_vaults_rhombus_5, v_misc_12,
          v_misc_24, nicolae_vaults_twisting_passages, v_pattern_5,
          vaults_room_semicircle, nicolae_vaults_holding_cells,
          vaults_dpeg_ring, layout_vaults_omnibox, serial_shops,
          nicolae_shop_stone, shop, nicolae_shop_overgrown_old_shop,
          uniq_margery, uniq_boris
Vaults:4: hangedman_vaults_pinch, v_misc_17, ontoclasm_vaults_idyll, v_misc_29,
          nicolae_vaults_ninety_degrees, v_misc_4, hangedman_vaults_snaps,
          grunt_vaults_swirl, st_check, layout_vaults_omnicross
Depths:1: minmay_the_grid_4x2 [minmay_the_grid_box_x, minmay_the_grid_tri_star,
          minmay_the_grid_outer_circle, minmay_the_grid_plusring,
          minmay_the_grid_diamond_grid, minmay_the_grid_x, minmay_the_grid_airy,
          minmay_the_grid_prize_inner_circle], layout_cave_pools,
          hangedman_decor_growths, hell_entry, tgw_lugonu_bribe
Depths:2: lemuel_castle_with_subvaults [lemuel_castle_interior_carwin_1],
          layout_cross, grunt_decor_one_mirror, hell_entry,
          kennysheep_generic_room_7, uniq_aizul, uniq_enchantress
Depths:3: minmay_spriggan_fort, layout_cave_shapes,
          hangedman_abyss_or_decor_passed, hellmouth_1, grunt_pan_entry_spiral,
          minmay_hidden_floor

Skill      XL: |  1  2  3  4  5  6  7  8  9 10 11 12 13 14 15 16 17 18 19 20 21 22 |
---------------+-------------------------------------------------------------------+-----
Conjurations   | 2 3 4 5 7 9 10 11 13 15 17 19 20 21 22 | 22.0
Fire Magic     | 4 5 6 8 9 10 11 14 16 17 19 20 21 22 | 22.0
Spellcasting   | 4 5 6 7 9 11 12 15 18 20 | 20.0
Summonings     | 3 5 |  5.0
Air Magic      | 3 5 6 |  6.0
Fighting       | 3 6 7 8 |  8.0
Dodging        | 6 9 10 12 14 17 | 17.0
Earth Magic    | 4 7 10 12 | 12.0
Shields        | 1 4 |  4.1
Translocations | 4 |  4.0
Necromancy     | 6 |  6.5
Stealth        | |  2.4

Action                   |  1- 3 |  4- 6 |  7- 9 | 10-12 | 13-15 | 16-18 | 19-21 | 22-24 || total
-------------------------+-------+-------+-------+-------+-------+-------+-------+-------++-------
Melee: Mace              |       |    25 |    18 |       |       |       |       |       ||    43
       Dagger            |       |       |     3 |    28 |     1 |     4 |       |       ||    36
       Staff             |       |       |       |    10 |     4 |    29 |       |       ||    43
       Headbutt          |       |       |       |     1 |     3 |       |       |       ||     4
Throw: Stone             |       |       |       |     2 |     1 |     1 |       |       ||     4
 Cast: Flame Tongue      |    68 |    79 |   189 |   359 |   544 |   173 |    36 |       ||  1448
       Throw Flame       |     2 |    15 |    32 |    52 |    92 |    21 |     4 |       ||   218
       Sticky Flame      |       |     3 |    12 |    68 |   103 |    32 |     8 |       ||   226
       Conjure Flame     |       |       |     4 |     4 |     4 |     1 |       |       ||    13
       Fireball          |       |       |     1 |    11 |    34 |    68 |    28 |     1 ||   143
       Summon Lightning  |       |       |       |    65 |    99 |    41 |     9 |       ||   214
       Stone Arrow       |       |       |       |     8 |    50 |    10 |     7 |       ||    75
       Bolt of Fire      |       |       |       |       |    97 |   262 |   178 |    13 ||   550
       Sandblast         |       |       |       |       |    15 |     2 |       |       ||    17
       Iron Shot         |       |       |       |       |    16 |    16 |    89 |     9 ||   130
       Bolt of Magma     |       |       |       |       |    10 |    84 |    45 |       ||   139
       Fire Storm        |       |       |       |       |       |       |    50 |     6 ||    56
       Regeneration      |       |       |       |       |       |       |    10 |     5 ||    15
       Ignition          |       |       |       |       |       |       |     7 |     6 ||    13
       Blink             |       |       |       |       |       |       |     2 |       ||     2
Evoke: Wand              |       |     4 |    11 |     2 |       |     3 |       |       ||    20
  Use: Scroll            |     2 |     1 |    11 |     9 |     8 |     6 |     7 |     1 ||    45
       Potion            |       |     3 |     1 |     5 |       |     1 |     2 |       ||    12
 Stab: Paralysed         |       |     8 |       |       |       |       |       |       ||     8
       Invisible         |       |       |       |     2 |       |       |       |       ||     2
       Sleeping          |       |       |       |       |     1 |       |       |       ||     1
  Eat: Chunk             |     1 |     6 |    12 |    20 |    29 |    17 |    36 |     5 ||   126
       Ration            |       |       |       |     2 |     9 |    15 |     3 |       ||    29
Armor: Robe              |     1 |     9 |    20 |    33 |    57 |    23 |     8 |     1 ||   152
Dodge: Dodged            |    12 |    32 |    54 |   160 |   328 |   145 |    62 |     8 ||   801
       Deflected         |       |       |       |       |    14 |    10 |     7 |     1 ||    32
Block: Buckler           |       |       |       |    23 |    86 |    36 |    10 |       ||   155

Table legend:
 A = Non-vault XP
 B = Vault XP
 C = Vault XP percentage of total XP
 D = Non-vault monster count
 E = Vault monster count
 F = Vault count percentage of total count
                 A         B        C        D         E       F
            +---------+---------+-------+---------+---------+-------
      Total |  409970 |  343857 |  45.6 |    1064 |     563 |  34.6
            +---------+---------+-------+---------+---------+-------
        D:1 |      38 |       0 |   0.0 |      24 |       0 |   0.0
        D:2 |      82 |       0 |   0.0 |      19 |       0 |   0.0
        D:3 |      31 |       0 |   0.0 |       7 |       0 |   0.0
        D:4 |     550 |     128 |  18.9 |      22 |      13 |  37.1
        D:5 |     310 |       3 |   1.0 |      22 |       1 |   4.3
        D:6 |     373 |       0 |   0.0 |      16 |       0 |   0.0
        D:7 |     580 |     125 |  17.7 |      20 |       1 |   4.8
        D:8 |    1972 |     540 |  21.5 |      11 |       4 |  26.7
        D:9 |    2122 |     651 |  23.5 |      22 |       1 |   4.3
       D:10 |    2973 |       0 |   0.0 |      21 |       0 |   0.0
       D:11 |    3616 |    2262 |  38.5 |      24 |      20 |  45.5
       D:12 |    4116 |       0 |   0.0 |      18 |       0 |   0.0
       D:13 |    7390 |    5688 |  43.5 |      40 |      12 |  23.1
       D:14 |    6455 |       0 |   0.0 |      20 |       0 |   0.0
       D:15 |   15102 |    8489 |  36.0 |      48 |      12 |  20.0
     Lair:1 |    2053 |     457 |  18.2 |       9 |       4 |  30.8
     Lair:2 |    3692 |       0 |   0.0 |      24 |       0 |   0.0
     Lair:3 |    1731 |    2198 |  55.9 |       9 |      16 |  64.0
     Lair:4 |    5542 |    1792 |  24.4 |      20 |       8 |  28.6
     Lair:5 |    2150 |    1116 |  34.2 |      14 |       6 |  30.0
     Lair:6 |    3480 |    8399 |  70.7 |      12 |      41 |  77.4
    Swamp:1 |   10540 |    1610 |  13.3 |      32 |       1 |   3.0
    Swamp:2 |    6316 |       0 |   0.0 |      21 |       0 |   0.0
    Swamp:3 |   11938 |    9827 |  45.2 |      25 |       6 |  19.4
    Swamp:4 |    8790 |   15078 |  63.2 |      24 |      26 |  52.0
    Snake:1 |    8778 |    5327 |  37.8 |      24 |      16 |  40.0
    Snake:2 |   15640 |     520 |   3.2 |      31 |       1 |   3.1
    Snake:3 |   18864 |       0 |   0.0 |      32 |       0 |   0.0
    Snake:4 |   30961 |   36243 |  53.9 |      53 |      51 |  49.0
      Orc:1 |    2794 |       0 |   0.0 |      20 |       0 |   0.0
      Orc:2 |    1237 |    6391 |  83.8 |      20 |      34 |  63.0
   Vaults:1 |   38927 |   21750 |  35.8 |      85 |      28 |  24.8
   Vaults:2 |   29715 |   37123 |  55.5 |      47 |      54 |  53.5
   Vaults:3 |   31019 |   65059 |  67.7 |      56 |      76 |  57.6
   Vaults:4 |   62689 |   30628 |  32.8 |      73 |      39 |  34.8
   Depths:1 |   32598 |   27466 |  45.7 |      41 |      25 |  37.9
   Depths:2 |   22591 |   50793 |  69.2 |      46 |      55 |  54.5
   Depths:3 |   12215 |    4194 |  25.6 |      12 |      12 |  50.0
            +---------+---------+-------+---------+---------+-------
